 Dungeon Crawl Stone Soup version 0.25.0-26-g0c896c7088 (webtiles) character file.

Game seed: 13535471461797130021

20 protoss039 the Sneak (level 2, 0/19 HPs)
             Began as a Vampire Enchanter on July 4, 2020.
             Slain by a leopard gecko (4 damage)
             ... on level 1 of the Dungeon.
             The game lasted 00:01:47 (422 turns).

protoss039 the Sneak (Vampire Enchanter)             Turns: 422, Time: 00:01:48

Health: 0/19       AC:  2    Str:  7    XL:     2   Next: 58%
Magic:  2/5        EV: 12    Int: 17    God:
Gold:   17         SH:  0    Dex: 14    Spells: 4/5 levels left

rFire    . . .     SeeInvis +   a - +1 dagger
rCold    . . .     Gourm    .   (no shield)
rNeg     . . .     Faith    .   b - +0 robe
rPois    .         Spirit   .   (no helmet)
rElec    .         Reflect  .   (no cloak)
rCorr    .         Harm     .   (no gloves)
MR       .....                  (no boots)
Stlth    +++.......             (no amulet)
HPRegen  0.26/turn              (no ring)
MPRegen  0.09/turn              (no ring)

@: regenerating quickly
A: no food, fangs 3, see invisible, unbreathing
a: Exsanguinate


You were on level 1 of the Dungeon.
You were alive.

You visited 1 branch of the dungeon, and saw 1 of its levels.

You collected 17 gold pieces.

Inventory:

Hand Weapons
 a - a +1 dagger (weapon)
Armour
 b - a +0 robe (worn)
Jewellery
 g - an uncursed amulet of magic regeneration {unknown}
Scrolls
 e - a scroll of remove curse {unknown}
 f - a scroll of identify {unknown}
Potions
 c - a potion of berserk rage {unknown}
 d - a potion of lignification {unknown}


   Skills:
 + Level 1.1 Short Blades
 + Level 2.1 Dodging
 + Level 5.4 Stealth
 + Level 2.1 Spellcasting
 + Level 4.8 Hexes


You had 4 spell levels left.
You knew the following spells:

 Your Spells              Type           Power        Failure   Level  Hunger
a - Corona                Hex            ###....      2%          1    N/A

Your spell library contained the following spells:

 Spells                   Type           Power        Failure   Level  Hunger
 Confusing Touch          Hex            ###.....     8%          3    N/A
 Tukima's Dance           Hex            ###.....     8%          3    N/A
 Ensorcelled Hibernation  Hex/Ice        #.....       11%         2    N/A
 Dazzling Flash           Conj/Hex       #.....       22%         3    N/A

Dungeon Overview and Level Annotations

Branches:
Dungeon (1/15)

Altars:


Innate Abilities, Weirdness & Mutations

You do not eat.
Your natural rate of healing is unusually fast.
You have razor-sharp teeth.
You have supernaturally acute eyesight. (SInv)
You can survive without breathing.


Message History

The leopard gecko bites you but does no damage.
Press: ? - help, v - describe, . - travel
Here: a leopard gecko The floor.
You barely miss the leopard gecko. Your bite misses the leopard gecko.
The leopard gecko bites you.
* * * LOW HITPOINT WARNING * * *
Unknown command.
You closely miss the leopard gecko. The leopard gecko closely misses you.
Unknown command.
You closely miss the leopard gecko. The leopard gecko misses you.
Unknown command.
You hit the leopard gecko. Your bite misses the leopard gecko.
The leopard gecko is lightly wounded.
The leopard gecko barely misses you.
Unknown command.
You closely miss the leopard gecko.
The leopard gecko is lightly wounded.
The leopard gecko bites you.
You die...

#.........#
##.##...#
#.........####
##..)..###
#............#.
#...#### #.........#
....##.#.#
#$....†.>.#
#...#.#)#
#?........#
#......##
########)##
####......#####
#.####.....##.......
#gl@...#..........##
########..........#
#..........#
#..........#
#..........#
############


You could see a leopard gecko and a hobgoblin.

Vanquished Creatures
  An ooze (D:1)
  A giant cockroach (D:1)
  A goblin (D:1)
  4 hobgoblins (D:1)
  2 frilled lizards (D:1)
  4 kobolds (D:1)
  3 rats (D:1)
16 creatures vanquished.

Notes
Turn   | Place    | Note
-------+----------+-------------------------------------------
     0 | D:1      | protoss039 the Vampire Enchanter began the quest for the
                  | Orb.
     0 | D:1      | Reached XP level 1. HP: 13/13 MP: 3/3
    61 | D:1      | Reached skill level 5 in Stealth
    94 | D:1      | Reached XP level 2. HP: 15/19 MP: 1/5
   422 | D:1      | Slain by a leopard gecko

Illustrated notes

Levels and vault maps discovered:
D:1:      lightli_arrival_windingriver, layout_rooms, dk_noncrumbling_2

Skill      XL: |  1 |
---------------+----+-----
Stealth        | 5 |  5.4
Short Blades   | |  1.1
Dodging        | |  2.1
Spellcasting   | |  2.1
Hexes          | |  4.8

Action                   || total
-------------------------++-------
Melee: Dagger            ||    58
       Bite              ||     7
 Cast: Corona            ||    12
 Stab: Sleeping          ||     2
Armor: Robe              ||     7
Dodge: Dodged            ||    32
